 Dungeon Crawl Stone Soup version 0.32-a0-7-ge934b4519a (webtiles) character file.

Game seed: 7636995456966893936

2 timneilson the Ruffian (level 1, 0/13 HPs)
             Began as an Octopode Shapeshifter on Jan 13, 2024.
             Slain by a jackal (2 damage)
             ... on level 1 of the Dungeon.
             The game lasted 00:00:11 (21 turns).

timneilson the Ruffian (Octopode Shapeshifter)        Turns: 21, Time: 00:00:11

Health: 0/13       AC:  1    Str: 13    XL:     1   Next: 40%
Magic:  1/1        EV: 13    Int: 12    God:
Gold:   2          SH:  0    Dex: 11    Spells: 0/0 levels left

rFire   . .          .
                       - Unarmed
rCold   . . .        (no shield)
rNeg    . . .        (helmet currently unavailable)
rPois   .            (no amulet)
rElec   .            (no ring)
rCorr   .            (no ring)
SInv    .            (no ring)
Will    .....        (no ring)
Stlth   ++           (no ring)
HPRegen 0.22/turn    (no ring)
MPRegen 0.07/turn    (no ring)
                     (no ring)

%: no passive effects
@: beast-form
A: beast (slay +1), almost no armour, amphibious, 8 rings, camouflage 1,
gelatinous body 1, (nimble swimmer 1), tentacles
a: Begin Untransformation


You were on level 1 of the Dungeon.
You were a hulking beast.
You visited 1 branch of the dungeon, and saw 1 of its levels.

You collected 2 gold pieces.

Inventory:

Talismans
 b - a beast talisman
 c - a flux talisman
Potions
 a - a potion of lignification


   Skills:
 * Level 1.1 Fighting
 * Level 2.0 Dodging
 + Level 0.2 Stealth
 * Level 3.0 Unarmed Combat
 * Level 3.0 Shapeshifting


You couldn't memorise any spells.
You didn't know any spells.
Your spell library was empty.

Dungeon Overview and Level Annotations

Branches:
Dungeon (1/15)

Altars:


Innate Abilities, Weirdness & Mutations

You are a hulking beast.
Your limbs bulge with bestial killing power. (Slay +1)
You cannot wear most types of armour.
You are amphibious.
You can wear up to eight rings at the same time.
Your skin changes colour to match your surroundings (Stealth+).
Your rubbery body absorbs attacks. (AC +1, EV +1)
((You are camouflaged when in or above water. (Stealth+)))
You have tentacles for arms and can constrict up to eight enemies at once.


Message History

You tentacle-slap the jackal. Your grab misses the jackal.
The jackal is heavily wounded.
The jackal closely misses you.
You bludgeon the jackal!
You kill the jackal!
You closely miss the jackal. You grab the jackal. You constrict the jackal.
The jackal struggles to escape constriction.
You release your grip on the jackal.
The jackal bites you. The jackal barely misses you.
The jackal attacks as it pursues you! The jackal closely misses you.
The jackal misses you. The jackal bites you.
The jackal bites you but does no damage.
The jackal barely misses you. The jackal closely misses you.
You closely miss the jackal. Your grab misses the jackal.
You squeeze the jackal.
The jackal is severely wounded.
The jackal misses you. The jackal bites you. The jackal completely misses you.
The jackal barely misses you. x2; The jackal bites you.
The jackal closely misses you.
You barely miss the jackal. You grab the jackal. You tentacle-slap the jackal.
You kill the jackal!
The jackal closely misses you. The jackal bites you.
* * * LOW HITPOINT WARNING * * *
The jackal closely misses you.
The jackal bites you but does no damage.
The jackal barely misses you. The jackal misses you. The jackal bites you.
* * * LOW HITPOINT WARNING * * *
The jackal barely misses you. The jackal attacks as it pursues you!
The jackal closely misses you. x2; The jackal barely misses you.
The jackal bites you.
* * * LOW HITPOINT WARNING * * *
The jackal barely misses you.
The jackal bites you but does no damage.
The jackal attacks as it pursues you! The jackal closely misses you.
The jackal attacks as it pursues you! The jackal barely misses you.
The jackal misses you.
The jackal bites you but does no damage.
You barely miss the jackal. You grab the jackal. You constrict the jackal.
The jackal bites you.
You die...

##<#......
#####....# ..
#........# ##.
#........# ...
#........# ..#
#........# #..#
#......>.## ...#
#.......hh##..###
#.......hhhh....#
#....†..hg.##.#....
#....$...### .. .
#........# .#
#...#...## ..
#......... .#
#........... #
#...........#


You could see 6 jackals and a hobgoblin.

Vanquished Creatures
  2 jackals (D:1)
2 creatures vanquished.

Notes
Turn   | Place    | Note
-------+----------+-------------------------------------------
     0 | D:1      | timneilson the Octopode Shapeshifter began the quest for
                  | the Orb.
     0 | D:1      | Reached XP level 1. HP: 13/13 MP: 1/1
    21 | D:1      | Slain by a jackal

Illustrated notes

Levels and vault maps discovered:
D:1:      saegor_arrival_simple_a, layout_rooms

Action                     || total
---------------------------++-------
  Melee: Unarmed           ||     7
         Constrict         ||     3
         Punch             ||     1
         Tentacles         ||     1
 Armour: Skin              ||    12
  Dodge: Dodged            ||    24

Table legend: (Time is in decaauts)
 A = Elapsed time spent in this place.
 B = Non-inter-level travel time spent in this place.
 C = Inter-level travel time spent in this place.
 D = Time resting spent in this place.
 E = Time spent auto-exploring this place.
 F = Levels seen in this place.
 G = Mean time per level.
                   A        B        C        D        E       F      G
               +--------+--------+--------+--------+--------+-----+--------+
         Total |     20 |     20 |      0 |      0 |      6 |   1 |   20.0 |
       Dungeon |     20 |     20 |      0 |      0 |      6 |   1 |   20.0 |
               +--------+--------+--------+--------+--------+-----+--------+

Top non-repeatable levels by time:
     D:1: 20 daAuts
